 Dungeon Crawl Stone Soup version 0.31.0-11-ge490571c62 (webtiles) character file.

Game seed: 9338203489871071573

1103 browni3141 the Trooper (level 8, -2/73 HPs)
             Began as a Minotaur Fighter on Jan 27, 2024.
             Slain by a centaur (6 damage)
             ... on level 5 of the Dungeon.
             The game lasted 00:01:28 (2260 turns).

browni3141 the Trooper (Minotaur Fighter)           Turns: 2260, Time: 00:01:29

Health: -2/73      AC: 10    Str: 23    XL:     8   Next: 10%
Magic:  7/7        EV:  9    Int:  5    God:
Gold:   126        SH:  5    Dex: 10    Spells: 7/7 levels left

rFire   . . .        a - +0 war axe
rCold   . . .        c - +0 buckler
rNeg    . . .        b - +0 scale mail
rPois   .            (helmet restricted)
rElec   .            (no cloak)
rCorr   .            n - +2 pair of gloves
SInv    .            (no boots)
Will    .....        (no amulet) Stlth
                     (no ring)
HPRegen 0.32/turn    (no ring)
MPRegen 0.10/turn

%: no passive effects
@: mighty, studying Stealth
A: horns 2, retaliatory headbutt
a: no special abilities


You were on level 5 of the Dungeon.
You visited 1 branch of the dungeon, and saw 5 of its levels.

You collected 126 gold pieces.

Inventory:

Hand Weapons
 a - a +0 war axe (weapon)
Missiles
 q - a boomerang (quivered)
Armour
 b - a +0 scale mail (worn)
 c - a +0 buckler (worn)
 n - a +2 pair of gloves (worn)
Jewellery
 p - a ring of protection from cold
Scrolls
 f - 4 scrolls of identify {unknown}
 g - 2 scrolls of teleportation {unknown}
 i - a scroll of revelation {unknown}
 j - a scroll of silence {unknown}
 l - a scroll of enchant armour {unknown}
 m - 2 scrolls of enchant weapon {unknown}
Potions
 d - a potion of might
 e - a potion of mutation {unknown}
 h - a potion of haste {unknown}
 k - a potion of berserk rage {unknown}
 o - a potion of heal wounds {unknown}


   Skills:
 * Level 7.6 Fighting
 * Level 7.1 Axes
 + Level 5.7 Armour
 + Level 5.7 Shields


You had 7 spell levels left.
You didn't know any spells.
Your spell library was empty.

Dungeon Overview and Level Annotations

Branches:
Dungeon (5/15)
 Temple: D:4-7

Altars:
Makhleb


Innate Abilities, Weirdness & Mutations

You have a pair of horns on your head.
You reflexively headbutt those who attack you in melee.


Message History

The centaur wields a +0 orcbow.
The centaur shoots an arrow.
The arrow barely misses you. The gnoll closely misses you.
The centaur shoots an arrow.
The arrow hits you.
There is a stone staircase leading up, spattered with blood here.
You closely miss the gnoll.
You headbutt the gnoll, but do no damage.
The gnoll hits you with a +0 flail.
The centaur shoots an arrow.
You block the arrow.
The phantom hits you but does no damage.
You block the gnoll's attack.
You closely miss the phantom. You hit the gnoll.
The centaur shoots an arrow.
You block the arrow.
The centaur shoots an arrow.
The arrow hits you but does no damage.
The phantom hits you but does no damage.
The gnoll completely misses you.
You closely miss the gnoll. You headbutt the gnoll!
The gnoll is almost dead.
You hit the phantom but do no damage.
The centaur shoots an arrow.
The arrow hits you.
Menkaure giggles, "These cerements are ticklish..."
Menkaure casts a spell.
Menkaure seems to speed up.
The phantom hits you but does no damage.
The gnoll hits you but does no damage.
The centaur shoots an arrow.
The arrow barely misses you.
You closely miss the gnoll.
The gnoll is almost dead.
You hit the phantom. You block the phantom's attack.
The gnoll hits you with a +0 flail!
The centaur unwields a +0 orcbow.
The centaur hits you but does no damage.
The centaur completely misses you.
You hit the gnoll but do no damage. Your headbutt misses the gnoll.
The gnoll is almost dead.
You hit the centaur but do no damage. You hit the phantom.
The centaur closely misses you. You block the centaur's attack.
The phantom barely misses you.
A gnoll comes into view. It is wielding a +0 flail.
The gnoll hits you but does no damage.
You slash the gnoll!
You kill the gnoll!
You barely miss the phantom. You hit Menkaure. You barely miss the centaur.
The centaur closely misses you. You block the centaur's attack.
The phantom hits you but does no damage.
Menkaure hits you! You block the centaur's attack.
The centaur kicks you but does no damage.
The phantom hits you.
The phantom blinks!
You blink.
You barely miss the phantom.
You headbutt the phantom, but do no damage.
The phantom is moderately damaged.
You block the phantom's attack.
You slash the phantom!
The phantom is severely damaged.
The centaur wields a +0 orcbow.
The centaur shoots an arrow.
The arrow closely misses you.
Menkaure sighs, "It doesn't hurt if you pull your brain out of your nose yourself."
Menkaure points at you and mumbles some strange words.
You struggle to resist.
The phantom hits you but does no damage.
The centaur shoots an arrow.
The arrow barely misses you.
You hit the phantom but do no damage.
The phantom is severely damaged.
The phantom barely misses you. Menkaure casts a spell at you.
Pain shoots through your body!
You feel very mighty all of a sudden.
The phantom hits you but does no damage.
You closely miss the phantom.
The phantom is severely damaged.
The phantom hits you.
You miss the phantom.
The phantom is severely damaged.
The phantom hits you but does no damage.
Menkaure hits you! You block the phantom's attack.
You hit the phantom.
The phantom is almost destroyed.
You hit Menkaure. You block Menkaure's attack. The phantom hits you.
You slash the phantom!
You destroy the phantom!
You hit Menkaure. Menkaure barely misses you. You block Menkaure's attack.
You hit Menkaure. You headbutt Menkaure.
You destroy Menkaure!
You hit the gnoll.
The centaur shoots an arrow.
You block the arrow.
The centaur shoots an arrow.
You block the arrow.
Your Axes skill increases to level 7!
You have reached level 8!
You feel agile.
You slice the gnoll!!
You kill the gnoll!
The centaur shoots an arrow.
The arrow hits you!
The centaur shoots an arrow.
The arrow hits you but does no damage.
You are too injured to fight recklessly!
You are too injured to fight recklessly!
You are too injured to fight recklessly!
The centaur unwields a +0 orcbow.
You block the centaur's attack.
The centaur kicks you but does no damage.
You barely miss the centaur. You barely miss the gnoll.
The centaur closely misses you.
The centaur kicks you but does no damage.
You block the gnoll's attack. The centaur hits you.
You die...

#. #... ##.
......
.#.###......
###.#.....#...
#...#.......#
###..#.......#
#.@c....(..#
#g#####<†..#
#)....)>[.##
#########†.#
..... .g...#
.)...# ..(..#
.....#


You could see a centaur and a gnoll.

Vanquished Creatures
  Grinder (D:4)
  Menkaure (D:5)
  A water moccasin (D:5)
  An ogre (D:4)
  2 phantoms
  A scorpion (D:5)
  2 bombardier beetles
  3 hounds
  A sleepcap (D:4)
  2 iguanas
  2 orc wizards (D:4)
  4 adders
  2 gnolls (D:5)
  A white imp (D:4)
  14 orcs
  7 ball pythons
  2 endoplasms (D:4)
  A giant cockroach (D:1)
  2 goblins
  5 hobgoblins
  A quokka (D:1)
  2 bats (D:1)
  A frilled lizard (D:1)
  A kobold (D:4)
  4 rats (D:2)
64 creatures vanquished.

Notes
Turn   | Place    | Note
-------+----------+-------------------------------------------
     0 | D:1      | browni3141 the Minotaur Fighter began the quest for the
                  | Orb.
     0 | D:1      | Reached XP level 1. HP: 19/19 MP: 0/0
   250 | D:2      | Reached XP level 2. HP: 27/27 MP: 1/1
   460 | D:3      | Reached XP level 3. HP: 33/33 MP: 2/2
   486 | D:3      | Reached XP level 4. HP: 5/41 MP: 3/3
   681 | D:3      | Identified the +2 sling of Fedhas's Felicitations {heavy,
                  | Int+3}
   721 | D:4      | Noticed Grinder
   731 | D:4      | Killed Grinder
   732 | D:4      | Reached skill level 5 in Fighting
   732 | D:4      | Reached XP level 5. HP: 30/49 MP: 4/4
   732 | D:4      | Reached XP level 6. HP: 34/56 MP: 5/5
   853 | D:4      | Reached skill level 5 in Axes
  1314 | D:4      | Found a burning altar of Makhleb.
  1555 | D:4      | Reached skill level 5 in Armour
  1555 | D:4      | Reached skill level 5 in Shields
  1555 | D:4      | Reached XP level 7. HP: 62/64 MP: 6/6
  1904 | D:5      | Entered Level 5 of the Dungeon
  2093 | D:5      | Noticed Menkaure
  2257 | D:5      | Killed Menkaure
  2258 | D:5      | Reached XP level 8. HP: 12/73 MP: 7/7
  2260 | D:5      | Slain by a centaur

Illustrated notes

Levels and vault maps discovered:
D:1:      kilobyte_arrival_exit_the_forest, layout_basic, serial_shops,
          nicolae_shop_overgrown_old_shop
D:2:      layout_loops_ring
D:3:      layout_loops_ring
D:4:      layout_gridville, lemuel_tele_altar, uniq_grinder
D:5:      layout_basic, minmay_temple_entry_sparse_star, uniq_menkaure

Skill      XL: |  1  2  3  4  5  6  7 |
---------------+----------------------+-----
Fighting       | 4 5 6 7 |  7.6
Axes           | 3 4 5 7 |  7.1
Armour         | 4 5 |  5.7
Shields        | 4 5 |  5.7

Action                     |  1- 3 |  4- 6 |  7- 9 || total
---------------------------+-------+-------+-------++-------
  Melee: War axe           |    52 |    66 |    56 ||   174
         Headbutt          |     3 |    12 |     8 ||    23
    Use: Potion            |       |       |     1 ||     1
 Armour: Scale mail        |    34 |    41 |    75 ||   150
  Dodge: Dodged            |    26 |    26 |    27 ||    79
  Block: Buckler           |    11 |    17 |    26 ||    54
